cohdb
Replays
Latest Replays
All Replays
Popular Replays
Top Player Replays
Match Explorer
How It Works
Community
CoH3 Stats
Reddit
Sign in to upload your games and track your stats! →
Sign in with Steam
Match 46743603
Unlisted
Match 46743603
Overview
Messages
Build Orders
End
Construct Infanterie Kompanie
Selects Breakthrough Battlegroup
Selects Assault Grenadiers
MG 42 Machine Gun Team
Grenadier Squad
Grenadier Squad
Grenadier Squad
Infanterie Officer Quarters
Selects 2.5-tonne Cargo Truck
2.5-tonne Cargo Truck
Construct Panzergrenadier Kompanie
251 Medium Carrier
Grenadier Squad
Selects Smoke Bombing Run
Selects Incendiary Bombing Run
Incendiary Bombing Run
Construct Panzer Kompanie
Support Elements
Nebelwerfer 42 Rocket Launcher Team
jun001122
綾目
HardCarry Hiv
JBQuib
Cpt Darling
jwalker987
0
0
Comments
sign in to comment!
No comments posted yet!